 Dungeon Crawl Stone Soup version 0.28.0 (webtiles) character file.

Game seed: 12270059064829247410

627 Sanktem7 the Chopper (level 7, -4/61 HPs)
             Began as a Minotaur Fighter on Feb 16, 2022.
             Succumbed to a kobold brigand's poison
             ... in a sewer.
             The game lasted 00:06:10 (3922 turns).

Sanktem7 the Chopper (Minotaur Fighter)             Turns: 3922, Time: 00:06:11

Health: -4/61      AC: 13    Str: 22    XL:     7   Next: 23%
Magic:  6/6        EV:  6    Int:  5    God:
Gold:   167        SH:  4    Dex: 10    Spells: 6/6 levels left

rFire   . . .      SeeInvis .   a - +0 war axe
rCold   . . .      Faith    .   c - +0 buckler
rNeg    . . .      Spirit   .   m - +0 plate armour
rPois   .          Reflect  .   (helmet restricted)
rElec   .          Harm     .   (no cloak)
rCorr   .          Rampage  .   f - +0 pair of gloves
Will    .....                   (no boots)
Stlth   ..........              (no amulet)
HPRegen 0.20/turn               (no ring)
MPRegen 0.10/turn               (no ring)

@: lethally poisoned (-4 -> -41)
A: horns 2, retaliatory headbutt
a: no special abilities


You were in a sewer.
You visited 1 branch of the dungeon, and saw 4 of its levels.
You also visited: Sewer.

You collected 167 gold pieces.

Inventory:

Hand Weapons
 a - a +0 war axe (weapon)
Missiles
 n - 3 javelins (quivered)
Armour
 c - a +0 buckler (worn)
 f - a +0 pair of gloves (worn)
 m - a +0 plate armour (worn)
Jewellery
 g - a ring of protection from cold
 u - a +6 ring of intelligence
Wands
 l - a wand of iceblast (6)
 q - a wand of flame (25)
 v - a wand of paralysis (5)
Scrolls
 e - 2 scrolls of enchant weapon {unknown}
 i - 2 scrolls of identify {unknown}
 o - a scroll of amnesia {unknown}
 p - 2 scrolls of noise {unknown}
 r - 2 scrolls of magic mapping {unknown}
 s - 2 scrolls of teleportation {unknown}
 x - a scroll of fog {unknown}
 y - a scroll of blinking {unknown}
 z - a scroll of brand weapon {unknown}
Potions
 b - a potion of heal wounds {unknown}
 d - a potion of might
 h - 2 potions of curing {unknown}
 j - 4 potions of ambrosia {unknown}
 k - a potion of resistance {unknown}
 t - 2 potions of attraction {unknown}
 w - 2 potions of brilliance {unknown}


   Skills:
 * Level 5.4 Fighting
 * Level 7.4 Axes
 * Level 5.9 Armour
 - Level 3.6 Shields


You had 6 spell levels left.
You didn't know any spells.
Your spell library contained the following spells:

 Spells                   Type           Power      Damage    Failure   Level
 Magic Dart               Conj           0%         1d3       100%        1
 Searing Ray              Conj           0%         2d4       100%        2
 Fulminant Prism          Conj/Hex       0%         3d6       100%        4


Dungeon Overview and Level Annotations

Branches:
Dungeon (4/15)              Sewer (1/1)
 Temple: D:4-7

Altars:
Dithmenos
Elyvilon
Uskayaw
Vehumet
Wu Jian

Shops:
D:4 [


Innate Abilities, Weirdness & Mutations

You have a pair of horns on your head.
You reflexively headbutt those who attack you in melee.


Message History

You hit the kobold brigand but do no damage.
The kobold brigand is lightly wounded.
You feel sick.
The kobold brigand hits you but does no damage.
You are more poisoned.
You miss the kobold brigand.
Your headbutt misses the kobold brigand.
The kobold brigand is lightly wounded.
You feel sick.
The kobold brigand hits you with a +1 dagger of venom.
You are more poisoned.
You slash the kobold brigand!
The kobold brigand is heavily wounded.
You feel very sick.
The kobold brigand hits you with a +1 dagger of venom.
You are more poisoned.
You slash the kobold brigand!
The kobold brigand is severely wounded.
You feel very sick.
The kobold brigand hits you with a +1 dagger of venom.
You are lethally poisoned!
You barely miss the kobold brigand.
The kobold brigand is severely wounded.
* * * LOW HITPOINT WARNING * * *
You feel very sick.
The kobold brigand hits you with a +1 dagger of venom.
* * * LOW HITPOINT WARNING * * *
You are more poisoned.
The kobold brigand barely misses you.
Aiming: Paralyse
Press: ? - help, Q - select action, (/) - cycle Shift-Dir - straight line, f - kobold brigand
Aim: a kobold brigand, wielding a +1 dagger of venom and quivering poisoned darts (severely wounded, chance to affect: 49%)
The kobold brigand resists with some effort.
* * * LOW HITPOINT WARNING * * *
You feel very sick.
The kobold brigand hits you but does no damage.
You are more poisoned.
You hit the kobold brigand.
The kobold brigand is almost dead.
You die...

#####†≈≈≈≈####≈≈≈≈##≈≈≈
#.≈≈≈≈##### ##≈≈≈.≈≈≈≈
####### ##≈≈..≈≈.
#≈≈..... #≈≈...≈.
#≈≈...≈. ######
##≈≈≈.≈.≈ #.≈≈≈≈#####
##≈≈≈≈....
#K@≈≈≈####..≈≈##≈.≈
#.≈≈≈.###≈≈.≈.≈≈.####≈≈
####### #≈.≈.≈.≈≈# #≈≈
#.≈≈≈≈###.≈≈≈.≈.## #.≈≈
#####)≈≈≈≈####### ≈≈≈≈
#.≈≈≈)##### # #######


You could see a kobold brigand.

Vanquished Creatures
  Grinder (D:3)
  A phantom (D:3)
  A kobold brigand (Sewer)
  A centaur zombie (D:4)
  A hound (D:4)
  An orc priest (D:3)
  5 adders (Sewer)
  3 river rats (Sewer)
  An adder skeleton (D:4)
  3 worms
  3 dart slugs
  5 orcs (D:3)
  9 endoplasms
  3 giant cockroaches
  4 hobgoblins
  11 kobolds
  5 quokkas
  9 ball pythons
  10 bats
  5 frilled lizards
  10 goblins
  10 rats
102 creatures vanquished.

Notes
Turn   | Place    | Note
-------+----------+-------------------------------------------
     0 | D:1      | Sanktem7 the Minotaur Fighter began the quest for the Orb.
     0 | D:1      | Reached XP level 1. HP: 19/19 MP: 0/0
   256 | D:1      | Reached XP level 2. HP: 22/27 MP: 1/1
   560 | D:1      | Reached skill level 3 in Axes
   611 | D:1      | Reached XP level 3. HP: 33/33 MP: 2/2
   790 | D:1      | Found a faded altar of an unknown god.
  1695 | D:3      | Found a radiant altar of Vehumet.
  1819 | D:3      | Reached skill level 4 in Axes
  1819 | D:3      | Reached XP level 4. HP: 41/41 MP: 3/3
  1892 | D:3      | Noticed a phantom
  1902 | D:3      | Killed a phantom
  1903 | D:3      | Reached skill level 5 in Axes
  1903 | D:3      | Reached XP level 5. HP: 37/47 MP: 4/4
  2077 | D:3      | Found a shadowy altar of Dithmenos.
  2183 | D:3      | Found a white marble altar of Elyvilon.
  2275 | D:3      | Noticed Grinder
  2294 | D:3      | Killed Grinder
  2295 | D:3      | Reached skill level 5 in Fighting
  2295 | D:3      | Reached skill level 6 in Axes
  2295 | D:3      | Reached skill level 5 in Armour
  2295 | D:3      | Reached XP level 6. HP: 35/56 MP: 5/5
  2646 | D:4      | Found an ornate altar of the Wu Jian Council.
  2939 | D:4      | Found a hide-covered altar of Uskayaw.
  3081 | D:4      | Found Wats's Armour Shop.
  3109 | D:4      | Found a glowing drain.
  3117 | Sewer    | Entered a sewer
  3345 | Sewer    | Reached skill level 7 in Axes
  3449 | Sewer    | Reached XP level 7. HP: 53/61 MP: 6/6
  3922 | Sewer    | Succumbed to a kobold brigand's poison

Illustrated notes

Levels and vault maps discovered:
D:1:      sevenhm_arrival_forest_fort_small_3, layout_loops_ring,
          dilly_ecumenical_altar_fadedgnrine, st_stairs_1, minmay_crystal_water
D:2:      layout_rooms
D:3:      layout_loops_ring, vehumet_altar_wand_db,
          mainiacjoe_overflow_24_doors, elyvilon_altar_1, dk_noncrumbling_2,
          grunt_ministairs_10, uniq_grinder
D:4:      layout_basic, nicolae_wu_jian_wuxing_cycle, overflow_temple_1_default,
          nzn_hepliaklqana_mist_gate, gup_sewer_entry_pipe, serial_shops, shop,
          kennysheep_boxes
Sewer:    sewer_co_tree

Skill      XL: |  1  2  3  4  5  6 |
---------------+-------------------+-----
Fighting       | 4 5 |  5.4
Armour         | 4 5 |  5.9
Axes           | 3 4 5 6 7 |  7.4
Shields        | |  3.6

Action                   |  1- 3 |  4- 6 |  7- 9 || total
-------------------------+-------+-------+-------++-------
Melee: War axe           |   101 |   114 |    46 ||   261
       Headbutt          |    13 |    12 |     3 ||    28
Evoke: Wand              |       |       |     1 ||     1
Armor: Scale mail        |    13 |       |       ||    13
       Chain mail        |    42 |       |       ||    42
       Plate armour      |    26 |    54 |    23 ||   103
Dodge: Dodged            |    44 |    30 |    11 ||    85
Block: Buckler           |    28 |    23 |     9 ||    60
